 Dungeon Crawl Stone Soup version 0.28.0-47-ge53b351184 (webtiles) character file.

Game seed: 3975067635941838389

445 hawla the Digger (level 6, -7/25 HPs)
             Began as a Felid Earth Elementalist on May 4, 2022.
             Mangled by Prince Ribbit (12 damage)
             ... on level 5 of the Dungeon.
             The game lasted 00:14:52 (5408 turns).

hawla the Digger (Felid Earth Elementalist)         Turns: 5408, Time: 00:14:54

Health: -7/25      AC:  2    Str:  4    XL:     6   Next: 72%
Magic:  0/12       EV: 18    Int: 19    God:
Gold:   1306       SH:  0    Dex: 16    Spells: 6/12 levels left
                                        Lives:  0   Deaths: 1

rFire   . . .      SeeInvis +   (weapon unavailable)
rCold   . . .      Faith    .   (shield unavailable)
rNeg    . . .      Spirit   .   (armour unavailable)
rPois   .          Reflect  .   (helmet unavailable)
rElec   .          Harm     .   (cloak unavailable)
rCorr   .          Rampage  .   (gloves unavailable)
Will    .....                   (boots unavailable)
Stlth   +++.......              (no amulet)
HPRegen 0.08/turn               (no ring)
MPRegen 0.13/turn               (no ring)

@: brilliant, quick
A: very small, claws 1, fangs 3, see invisible, speed 1, shaggy fur 2, stealthy
paws, no weapons or thrown items, no armour, multi-lived
a: no special abilities


You were on level 5 of the Dungeon.
You visited 1 branch of the dungeon, and saw 5 of its levels.

You collected 1306 gold pieces.

Inventory:

Missiles
 b - 182 stones
Jewellery
 a - an amulet of magic regeneration
 d - a ring of fire
Wands
 e - a wand of iceblast (6) (quivered)
Scrolls
 c - a scroll of teleportation
 f - a scroll of identify
 j - a scroll of fog {unknown}
 k - a scroll of noise {unknown}
 l - a scroll of blinking {unknown}


   Skills:
 + Level 0.4 Fighting
 + Level 3.3 Dodging
 + Level 4.3 Stealth
 + Level 0.9 Unarmed Combat
 + Level 3.9 Spellcasting
 * Level 2.3 Conjurations
 + Level 1.1 Transmutations
 * Level 5.0 Earth Magic
 + Level 0.2 Evocations


You had 6 spell levels left.
You knew the following spells:

 Your Spells              Type           Power      Damage    Failure   Level
a - Sandblast             Erth           68%        2d15      1%          1
b - Stone Arrow           Conj/Erth      52%        3d10      9%          3
c - Passwall              Tmut/Erth      19%        N/A       6%          2

Your spell library contained the following spells:

 Spells                   Type           Power      Damage    Failure   Level
 Pain                     Necr           20%        1d5       14%         1
 Petrify                  Tmut/Erth      23%        N/A       36%         4
 Ozocubu's Armour         Ice            5%         N/A       38%         3
 Tukima's Dance           Hex            5%         N/A       38%         3
 Passage of Golubria      Tloc           5%         N/A       80%         4
 Yara's Violent Unravell  Hex/Tmut       4%         3d4       97%         5
 Agony                    Necr           5%         N/A       98%         5
 Metabolic Englaciation   Hex/Ice        2%         N/A       98%         5
 Simulacrum               Ice/Necr       2%         N/A       100%        6
 Ozocubu's Refrigeration  Ice            2%         4d5       100%        7
 Excruciating Wounds      Necr           Unusable   N/A       N/A         5

Dungeon Overview and Level Annotations

Branches:
Dungeon (5/15)
 Temple: D:4-7

Altars:
Ru

Annotations:
D:4 Grinder
D:5 Prince Ribbit


Innate Abilities, Weirdness & Mutations

You have sharp claws.
You have razor-sharp teeth.
You have supernaturally acute eyesight. (SInv)
You cover ground quickly. (Speed+)
You are covered in thick fur. (AC +2)
Your paws help you pounce on unaware monsters.
You are incapable of wielding weapons or throwing items.
You cannot wear armour.
You gain extra lives every three experience levels.


Message History

Aim: Prince Ribbit (45% to hit)
The stone arrow misses Prince Ribbit.
Prince Ribbit hits you.
Casting: Stone Arrow (quite dangerous; 9% risk of failure)
Confirm with . or Enter, or press ? or * to list all spells.
The spell is quite dangerous to miscast (9% risk of failure)!
Continue anyway?
Aiming: Stone Arrow (quite dangerous; 9% risk of failure)
Press: ? - help, Shift-Dir - straight line, f/p - Prince Ribbit
Aim: Prince Ribbit (45% to hit)
The stone arrow hits Prince Ribbit!!
Prince Ribbit is heavily wounded.
Prince Ribbit barely misses you. Prince Ribbit closely misses you.
Casting: Stone Arrow (quite dangerous; 9% risk of failure)
Confirm with . or Enter, or press ? or * to list all spells.
The spell is quite dangerous to miscast (9% risk of failure)!
Continue anyway?
Aiming: Stone Arrow (quite dangerous; 9% risk of failure)
Press: ? - help, Shift-Dir - straight line, f/p - Prince Ribbit
Aim: Prince Ribbit (heavily wounded, 45% to hit)
The stone arrow misses Prince Ribbit.
Prince Ribbit barely misses you.
You scratch Prince Ribbit.
Prince Ribbit is severely wounded.
Prince Ribbit completely misses you.
You miss Prince Ribbit.
Prince Ribbit is severely wounded.
Prince Ribbit hits you!
Ouch! That really hurt!
* * * LOW HITPOINT WARNING * * *
Prince Ribbit closely misses you.
You feel clever all of a sudden.
Prince Ribbit says, "You're just another fly to me."
Prince Ribbit completely misses you.
Casting: Stone Arrow (quite dangerous; 9% risk of failure)
Confirm with . or Enter, or press ? or * to list all spells.
Aiming: Sandblast (safe; 1% risk of failure)
Press: ? - help, Shift-Dir - straight line, f/p - Prince Ribbit
Aim: Prince Ribbit (severely wounded, 68% to hit)
You feel a surge of power!
The blast of sand misses Prince Ribbit.
b - 182 stones Prince Ribbit catches a mouse with his tongue.
Prince Ribbit hits you!
You die...

#########
#####.......###
######
#.....#####...#
.....###.#####
#...#
.###<....#
###...#
.......###
#@..)##
######.##
#F#### #..# #.#
##.## #.#
#..#### #.#
##....# #.#
####....#.#
##.#.# #.#


You could see Prince Ribbit.

Vanquished Creatures
  A necrophage (D:4)
  An ogre (D:4)
  A water moccasin zombie (D:5)
  A centaur zombie (D:3)
  2 hounds
  An orc priest (D:3)
  An iguana (D:4)
  Robin (D:4)
  5 adders
  A shadow imp (D:4)
  3 worms
  2 orcs (D:3)
  5 endoplasms
  7 giant cockroaches
  14 goblins
  10 hobgoblins
  2 jackals (D:4)
  2 quokkas
  11 ball pythons
  5 bats
  3 frilled lizards
  A jackal skeleton (D:4)
  5 kobolds
  5 rats
90 creatures vanquished.

Notes
Turn   | Place    | Note
-------+----------+-------------------------------------------
     0 | D:1      | hawla the Felid Earth Elementalist began the quest for the
                  | Orb.
     0 | D:1      | Reached XP level 1. HP: 7/7 MP: 4/4
   296 | D:1      | Found a faded altar of an unknown god.
   345 | D:1      | Reached XP level 2. HP: 11/11 MP: 4/6
   491 | D:1      | Reached skill level 3 in Earth Magic
  1279 | D:2      | Reached XP level 3. HP: 14/14 MP: 7/7
  1283 | D:2      | Learned a level 3 spell: Stone Arrow
  1323 | D:2      | Found a sacrificial altar of Ru.
  2464 | D:3      | Reached skill level 1 in Conjurations
  2464 | D:3      | Reached XP level 4. HP: 4/18 MP: 1/8
  3621 | D:3      | Noticed a necrophage
  3877 | D:3      | Reached XP level 5. HP: 21/21 MP: 3/10
  4126 | D:4      | Noticed Grinder
  4133 | D:4      | Noticed Robin
  4160 | D:4      | Noticed a necrophage
  4183 | D:4      | Killed Robin
  4187 | D:4      | Slain by a necrophage
  4188 | D:4      | Reached XP level 4. HP: 0/15 MP: 1/9
  4209 | D:4      | Learned a level 2 spell: Passwall
  4279 | D:4      | Killed a necrophage
  4280 | D:4      | Reached skill level 4 in Earth Magic
  4280 | D:4      | Reached XP level 5. HP: 21/21 MP: 1/11
  4394 | D:4      | Noticed an ogre
  4400 | D:4      | Killed an ogre
  4401 | D:4      | Gained mutation: You are covered in thick fur. (AC +2)
                  | [Felid growth]
  4401 | D:4      | Reached XP level 6. HP: 25/25 MP: 4/12
  5037 | D:5      | Entered Level 5 of the Dungeon
  5044 | D:5      | Identified a scroll of acquirement
  5044 | D:5      | Acquired 1196 gold pieces
  5144 | D:5      | Reached skill level 5 in Earth Magic
  5398 | D:5      | Noticed Prince Ribbit
  5408 | D:5      | Mangled by Prince Ribbit

Illustrated notes

Levels and vault maps discovered:
D:1:      dpeg_arrival_arbitrary_b, layout_basic,
          shapermc_ecumenical_altar_mp_urbaneastern, minmay_fountain_box
D:2:      layout_basic, basic_altar, kennysheep_big_empty_room, minmay_tripent
D:3:      layout_loops_corners
D:4:      layout_rooms, uniq_grinder, uniq_robin
D:5:      layout_rooms, st_stairs_11, nicolae_elevator_lobby_plus,
          uniq_prince_ribbit1

Skill      XL: |  1  2  3  4  5  6 |
---------------+-------------------+-----
Stealth        | 3 4 |  4.3
Earth Magic    | 3 4 5 |  5.0
Dodging        | 3 |  3.3
Conjurations   | 1 2 |  2.3
Spellcasting   | 3 |  3.9
Fighting       | |  0.4
Unarmed Combat | |  0.9
Transmutations | |  1.1
Evocations     | |  0.2

Action                   |  1- 3 |  4- 6 || total
-------------------------+-------+-------++-------
Melee: Unarmed           |    40 |    45 ||    85
       Punch             |     1 |     3 ||     4
       Bite              |     3 |     3 ||     6
 Cast: Sandblast         |    39 |    45 ||    84
       Stone Arrow       |     6 |    21 ||    27
       Passwall          |       |     1 ||     1
Evoke: Wand              |       |     2 ||     2
  Use: Scroll            |     1 |     6 ||     7
       Potion            |       |     5 ||     5
 Stab: Sleeping          |     7 |     8 ||    15
       Distracted        |     1 |       ||     1
Armor: Skin              |     4 |     2 ||     6
Dodge: Dodged            |    61 |    66 ||   127
